 Dungeon Crawl Stone Soup version 0.19.1 (webtiles) character file.

457066 Farkas the Executioner (level 24, -11/339 (342) HPs)
             Began as a Hill Orc Berserker on Apr 28, 2017.
             Was the Champion of Trog.
             Splashed by an acid blob's acid (14 damage)
             ... created by the Royal Jelly
             ... on level 5 of the Pits of Slime.
             The game lasted 05:47:32 (64224 turns).

Farkas the Executioner (Hill Orc Berserker)        Turns: 64224, Time: 05:47:34

HP:   -11/339 (342) AC: 14    Str: 41    XL:     24   Next: 9%
MP:   18/18         EV: 10    Int:  3    God:    Trog [******]
Gold: 3070          SH: 28    Dex: 12    Spells: 0 memorised, 23 levels left

rFire  + . .     SeeInvis .     T - +5 war axe (drain)
rCold  . . .     Gourm    .     B - +9 plate armour {rF+}
rNeg   . . .     Faith    .     R - +0 large shield
rPois  .         Spirit   .     Q - +1 hat
rElec  +         Reflect  .     M - +2 cloak {+Inv}
rCorr  .         Harm     .     x - +1 pair of gloves
MR     +....     Rnd*Rage +     D - +0 pair of boots {Stlth+}
Stlth  ..........               u - amulet of magic regeneration
                                A - ring of Rexiunea {Str+3 Dex+4}
                                e - +4 ring of strength

@: berserking, corroded, non-regenerating, diseased, very quick
A: berserk 1, blink, blurry vision 1, clumsy 1, deformed body, deterioration 1,
dopey 2, low mp 2, electricity resistance, weak 1, subdued magic 1, MP-powered
wands
a: Blink, Berserk, Trog's Hand, Brothers in Arms, Burn Spellbooks, Renounce
Religion, Evoke Invisibility
}: 3/15 runes: barnacled, silver, gossamer


You were on level 5 of the Pits of Slime.
You worshipped Trog.
Trog was exalted by your worship.
You were not hungry.

You visited 8 branches of the dungeon, and saw 42 of its levels.
You visited the Abyss 1 time.
You also visited: Ossuary and Ice Cave.

You collected 5131 gold pieces.
You spent 2061 gold pieces at shops.

Inventory:

Hand Weapons
 L - the +14 obsidian axe {chop, +Fly SInv *Curse}
   (Trog gifted it to you on level 2 of the Spider Nest)

   It inflicts extra damage upon your enemies.
   It lets you see invisible.
   It lets you fly.
   It may re-curse itself when equipped.
 T - a +5 war axe of draining (weapon)
Armour
 x - a +1 pair of gloves (worn)
 B - a +9 plate armour of fire resistance (worn)
 D - a +0 pair of boots of stealth (worn)
 M - a +2 cloak of invisibility (worn)
 O - the +5 plate armour of the Lich-sworn {rCorr}
   (You bought it in a shop on level 1 of the Vaults)

   It protects you from acid and corrosion.
 Q - a +1 hat (worn)
 R - a +0 large shield (worn)
Jewellery
 e - a +4 ring of strength (left hand)
 g - an uncursed ring of resist corrosion
 u - an amulet of magic regeneration (around neck)
 A - the ring of Rexiunea (right hand) {Str+3 Dex+4}
   (You found it on level 4 of the Shoals)

   [ring of strength]

   It affects your strength (+3).
   It affects your dexterity (+4).
Wands
 c - a wand of iceblast (11/15)
 m - a wand of disintegration (16/24)
 y - a wand of acid (4/15)
 F - a wand of paralysis (6/24)
 X - a wand of digging (10/24)
 Y - a wand of heal wounds (2/9)
Scrolls
 d - 6 scrolls of magic mapping
 f - 5 scrolls of blinking
 k - 14 scrolls of identify
 l - 11 scrolls of remove curse
 p - 8 scrolls of fog
 C - 13 scrolls of teleportation
 N - 3 scrolls of silence
 S - a scroll of brand weapon
 U - 4 scrolls of fear
Potions
 a - 4 potions of berserk rage
 b - a potion of heal wounds
 j - 11 potions of curing
 q - 2 potions of might
 r - 7 potions of brilliance
 s - 3 potions of cancellation
 t - 2 potions of flight
 v - a potion of haste
 w - 6 potions of agility
 z - 6 potions of ambrosia
 J - 4 potions of cure mutation
 P - 4 potions of lignification
Comestibles
 o - 42 fruits


   Skills:
 - Level 21.0 Fighting
 + Level 26.8 Axes
 + Level 22.3 Armour
 - Level 1.5 Dodging
 + Level 22.7 Shields


You had 23 spell levels left.
You didn't know any spells.

Dungeon Overview and Level Annotations

Branches:
Dungeon (15/15)            Temple (0/1) D:4            Lair (6/6) D:11
 Shoals (4/4) Lair:4       Spider (4/4) Lair:2        Slime (5/5) Lair:5
    Orc (2/2) D:12            Elf (1/3) Orc:2        Vaults (5/5) D:14
  Crypt (0/3) Vaults:3     Depths (0/5) D:15

Altars:
Ashenzari
Dithmenos
Elyvilon
Gozag
Makhleb
Okawaru
Qazlal
Ru
Sif Muna
Trog
Uskayaw
Xom
Yredelemnul
Zin
Beogh
Jiyva

Shops:
D:11 (   D:14 =}[   Orc:1 }   Orc:2 (%[?   Shoals:2 !   Vaults:1 [   Vaults:2 (
Vaults:4 %(

Annotations:
Slime:5 Royal Jelly


Innate Abilities, Weirdness & Mutations

You tend to lose your temper in combat.
You can translocate small distances at will.
Scrolls take you a little longer to read.
You are clumsy. (Dex -2)
Armour fits poorly on your strangely shaped body.
Your body sometimes deteriorates upon taking damage.
You are very dopey. (Int -4)
Your magical capacity is very low. (-20% MP)
You are resistant to electric shocks. (rElec)
You are weak. (Str -2)
Your spells are a little easier to cast, but a little less powerful.
You expend magic power (3 MP) to strengthen your wands.


Message History

The Royal Jelly spits out another jelly.
You slash the death ooze! You barely miss the azure jelly.
Your shield and plate armour prevent you from hitting the azure jelly.
The acid blob spits acid at you. You block the splash of acid.
The azure jelly hits you but does no damage.
You block the azure jelly's attack. x3
Your hill giant hits the death ooze with a giant club!!!
The death ooze is destroyed!
The azure jelly hits you but does no damage.
The azure jelly hits you.
* * * LOW HITPOINT WARNING * * *
The azure jelly freezes you!
* * * LOW HITPOINT WARNING * * *
You block the azure jelly's attack. x2
The acid blob spits acid at you. The splash of acid hits you!
* * * LOW HITPOINT WARNING * * *
You are splashed with acid!
The acid burns!
You die...

.................................
.................................
............#####.####...........
...........## #..# ##..........
..........## #.## #.........
.........## #..# #........
........## ##.# #.......
........# #J.# #....... ........#
#@## #....... ........#####
##JJ## ###.......
..........#...#.JJJ#...#.........
........# #.JJJJJ..# .#.......
........# ####.C#### #.......
........# #.## #....... ........#
#.. #....... ........## ##.#
##....... .........## .#
##........


You could see the Royal Jelly, 2 acid blobs, 3 azure jellies, 5 death oozes and
a friendly hill giant (berserk).

Vanquished Creatures
  Saint Roka (Vaults:2)
  3 golden dragons (Vaults:5)
  Nikola (Spider:4)
  Arachne (Spider:4)
  Jorgrun (Vaults:4)
  2 tentacled monstrosities (Vaults:5)
  3 titans (Vaults:5)
  A quicksilver dragon (Vaults:5)
  11 acid blobs
  Polyphemus (Shoals:2)
  5 shadow dragons (Vaults:5)
  Frances (D:13)
  Kirke (Lair:3)
  2 sphinxes
  3 tengu reavers (Vaults:5)
  4 storm dragons
  6 fire giants
  The ghost of spsoon the Fencer, an adept DsIE of Okawaru (Shoals:1)
  9 azure jellies
  2 daevas (Abyss:3)
  Ilsuiw (Shoals:4)
  An orc warlord (Orc:1)
  A deep elf sorcerer (Vaults:1)
  2 frost giants
  3 iron dragons (Vaults:5)
  3 emperor scorpions (Spider:4)
  Aizul (Shoals:2)
  The ghost of greatstarguy the Cleaver, an adept GrFi of the Shining One (Shoals:1)
  7 ghost moths
  13 vault wardens
  21 ironheart preservers
  A deep elf elementalist (Vaults:4)
  10 stone giants
  2 war gargoyles (Vaults:5)
  5 very ugly things
  3 entropy weavers
  7 deep elf demonologists
  3 deep elf annihilators (Vaults:2)
  Azrael (D:12)
  A spark wasp (Spider:4)
  The ghost of MoltenButter the Cleaver, a journeyman MiFi of Cheibriados (Orc:2)
  5 merfolk javelineers (Shoals:4)
  10 merfolk impalers
  8 ettins (Vaults:5)
  A deep elf death mage (Vaults:2)
  A crystal guardian (Vaults:2)
  Snorg (D:12)
  The ghost of three the Severer, a journeyman HOFi of Okawaru (Lair:4)
  Josephine (D:10)
  3 death oozes (Slime:5)
  A fire dragon (Vaults:3)
  9 ogre magi
  An ice dragon (Vaults:4)
  5 great orbs of eyes
  10 yaktaur captains
  3 deep elf high priests (Vaults:5)
  3 hydras
  A rakshasa (Vaults:1)
  The ghost of rhysdieslots the Grappler, a journeyman DrMo of Uskayaw (IceCv)
  3 merfolk aquamancers (Shoals:4)
  5 catoblepae
  A merfolk avatar (Shoals:1)
  29 vault guards
  Erica (Lair:2)
  3 centaur warriors
  An alligator snapping turtle (Shoals:4)
  4 deep troll shamans (Vaults:3)
  A death knight (Vaults:3)
  29 death yaks
  3 deep troll earth magi (Vaults:3)
  Urug (D:14)
  2 tengu warriors (D:10)
  Sonja (Lair:3)
  A sun demon (Abyss:3)
  6 deep elf knights
  A fire crab (Lair:6)
  9 skeletal warriors
  A shadow wraith (Vaults:5)
  A fire crab (shapeshifter) (Vaults:1)
  An unseen horror (shapeshifter) (Vaults:5)
  5 large abominations
  4 unseen horrors
  A flayed ghost (Vaults:3)
  10 sea snakes
  7 deep elf archers
  10 deep trolls
  4 wizards
  10 hill giants
  An orange crystal statue (Vaults:1)
  2 tengu zombies (Vaults:4)
  10 ironbrand convokers
  2 phantasmal warriors (Vaults:5)
  9 orb spiders
  6 necromancers
  10 orc knights
  28 harpies
  A harpy (shapeshifter) (Vaults:3)
  An oklob plant (Lair:5)
  34 wolf spiders
  5 orc sorcerers
  15 manticores
  18 deep elf magi
  9 fauns
  A stone giant zombie (Vaults:4)
  6 shining eyes
  8 cyclopes
  Maurice (D:8)
  2 moths of wrath (Spider:1)
  14 sirens
  14 vault sentinels
  26 ugly things
  A sphinx skeleton (Vaults:4)
  5 water nymphs
  A smoke demon (Abyss:3)
  7 ice statues
  4 elephants (Lair:3)
  A spiny frog (shapeshifter) (D:7)
  A torpor snail (Spider:2)
  An eye of devastation (Slime:3)
  8 spiny frogs
  4 black mambas
  6 komodo dragons
  A starcursed mass (Abyss:3)
  A kobold demonologist (D:11)
  2 rime drakes
  A human zombie (Vaults:4)
  2 hellwings (Abyss:3)
  3 anaconda simulacra (IceCv)
  13 demonic crawlers
  3 freezing wraiths
  31 yaktaurs
  2 ancient zymes (Abyss:3)
  A shadow dragon simulacrum (Vaults:3)
  34 jumping spiders
  2 tengu conjurers
  4 trolls
  A tyrant leech (shapeshifter) (Vaults:5)
  A wolf spider simulacrum (D:15)
  2 polar bears
  7 snapping turtles
  6 wind drakes
  28 merfolk
  30 hornets
  16 two-headed ogres
  2 hippogriffs (shapeshifter)
  5 dream sheep
  13 blink frogs
  An ettin zombie (Vaults:3)
  Prince Ribbit (D:7)
  9 hippogriffs
  82 slime creatures
  A dream sheep (shapeshifter) (Vaults:3)
  A stone giant simulacrum (Vaults:3)
  7 wraiths
  A centaur simulacrum (D:12)
  7 water elementals
  A vampire (D:13)
  23 tarantellas
  62 yaks
  A shadow (D:15)
  4 fire elementals
  68 redbacks
  Eustachio (D:5)
  2 dire elephant simulacra (IceCv)
  5 hogs (Lair:3)
  2 wyverns
  A golden eye (shapeshifter) (Vaults:3)
  3 golden eyes (Slime:4)
  3 basilisks
  7 humans (D:8)
  2 yaktaur simulacra (Vaults:1)
  2 neqoxecs (Abyss:3)
  4 vampire mosquitoes (D:12)
  4 hungry ghosts
  An iron troll simulacrum (IceCv)
  4 mottled dragons
  6 swamp worms (Lair:2)
  3 harpy simulacra (IceCv)
  A soldier ant (D:15)
  6 wargs
  15 water moccasins
  4 hell hounds (D:12)
  6 sky beasts
  Purgy (D:4)
  10 porcupines
  3 black bears
  10 ice beasts
  45 orc warriors
  A hornet zombie (D:9)
  An ice beast (shapeshifter) (Vaults:5)
  A phantom (D:7)
  42 ogres
  A necrophage (D:12)
  7 wolves
  8 eyes of draining
  A boggart (Vaults:3)
  A human skeleton (Vaults:4)
  21 centaurs
  9 crocodiles
  6 big kobolds
  22 bullfrogs
  A deep troll simulacrum (Vaults:3)
  A water moccasin skeleton (D:4)
  6 scorpions
  2 human simulacra
  9 jellies
  12 killer bees
  5 howler monkeys
  A small abomination (Abyss:3)
  17 wights
  2 electric eels
  5 centaur zombies
  3 bullfrog zombies
  5 crimson imps
  7 hounds
  2 quasits
  17 orc priests
  22 orc wizards
  3 bullfrog skeletons
  8 centaur skeletons
  Jessica (D:8)
  Terence (D:2)
  4 iguanas
  13 worker ants
  2 hell rats (D:11)
  A killer bee zombie (D:9)
  8 mummies (Ossuary)
  3 hound skeletons
  2 worker ant zombies
  12 adders
  4 river rats (D:11)
  6 shadow imps
  3 white imps (D:12)
  An ufetubus (D:12)
  2 adder skeletons
  An adder zombie (D:5)
  12 worms (Lair:2)
  2 dart slugs
  9 leopard geckos
  93 orcs
  3 giant cockroaches
  5 hobgoblins
  13 jackals
  6 quokkas
  5 bats
  8 frilled lizards
  A gnoll zombie (Ossuary)
  6 goblins
  2 hobgoblin zombies (Ossuary)
  31 kobolds
  2 kobold zombies (Ossuary)
  A leopard gecko skeleton (D:6)
  3 orc zombies (Ossuary)
  2 quokka skeletons
  6 rats
  A butterfly (Lair:3)
  2 crawling corpses (Vaults:5)
  3 fungi (Lair:5)
  15 plants
  A tentacle (Shoals:3)
1805 creatures vanquished.

Vanquished Creatures (collateral kills)
  6 acid blobs
  3 sphinxes (Vaults:5)
  Gastronok (D:8)
  A shadow dragon (Vaults:5)
  A fire giant (Vaults:5)
  A frost giant (Vaults:4)
  An emperor scorpion (Spider:4)
  A deep elf sorcerer (Vaults:5)
  An azure jelly (Slime:3)
  2 vault wardens
  4 ironheart preservers
  A vampire knight (Vaults:3)
  A stone giant (Vaults:5)
  2 entropy weavers
  2 spark wasps
  A deep elf death mage (Vaults:2)
  3 death oozes (Slime:5)
  A fire dragon (Vaults:5)
  A green death (Abyss:3)
  2 yaktaur captains (Vaults:5)
  2 great orbs of eyes
  4 vault guards
  3 hydras
  An ice dragon (Spider:4)
  A starcursed mass (Abyss:3)
  A death knight (Vaults:3)
  3 ogre magi (Vaults:3)
  A thrashing horror (Abyss:3)
  A deep troll earth mage (Vaults:4)
  A deep troll shaman (Vaults:3)
  A death yak (Shoals:2)
  2 shadow wraiths
  2 glowing orange brains
  2 harpies
  2 deep elf magi (Vaults:2)
  A phantasmal warrior (Vaults:5)
  2 deep elf archers
  A shining eye (Slime:2)
  9 orb spiders
  A cyclops (Vaults:2)
  A wolf spider (shapeshifter) (Vaults:5)
  10 wolf spiders
  6 ugly things
  A storm dragon simulacrum (Vaults:4)
  A vault sentinel (Vaults:5)
  7 yaktaurs
  2 freezing wraiths
  6 demonic crawlers
  An ancient zyme (Abyss:3)
  9 jumping spiders
  A polar bear (Lair:6)
  3 hornets (Spider:4)
  A raiju (Abyss:3)
  14 slime creatures
  3 dream sheep (Lair:6)
  10 redbacks
  2 large abominations (Abyss:3)
  8 tarantellas
  A golden eye (Slime:4)
  A small abomination (Abyss:3)
  2 eyes of draining
  3 orc warriors
  5 ogres
  A centaur (Vaults:3)
  A jelly (D:6)
  2 killer bees (D:9)
  A human simulacrum (Vaults:4)
  An orc priest (Vaults:2)
  A worker ant (D:6)
  An ooze (shapeshifter) (Vaults:5)
  5 orcs
  A rat (shapeshifter) (Vaults:5)
189 creatures vanquished.

Vanquished Creatures (others)
  A war gargoyle (Vaults:5)
  A stone giant (Vaults:4)
  A necromancer (Vaults:5)
  2 wolf spiders (Spider:4)
  An orb spider (Spider:4)
  A polar bear (D:12)
  A quasit (Abyss:3)
  2 bushes (Lair:6)
  A crawling corpse (Vaults:5)
  10 fungi
  A lurking horror (Abyss:3)
  26 plants
  16 tentacles
64 creatures vanquished.

Grand Total: 2058 creatures vanquished

Notes
Turn   | Place    | Note
-------+----------+-------------------------------------------
     0 | D:1      | Farkas the Hill Orc Berserker began the quest for the Orb.
     0 | D:1      | Reached XP level 1. HP: 19/19 MP: 1/1
   467 | D:1      | Reached XP level 2. HP: 27/27 MP: 2/2
  1055 | D:2      | Reached XP level 3. HP: 27/33 MP: 3/3
  1194 | D:2      | Noticed Terence
  1203 | D:2      | Killed Terence
  1203 | D:2      | Reached skill level 5 in Axes
  1405 | D:2      | Reached XP level 4. HP: 37/40 MP: 4/4
  1498 | D:3      | Found a burning altar of Makhleb.
  1499 | D:3      | Found a stormy altar of Qazlal.
  1788 | D:3      | Reached ** piety under Trog
  2015 | D:3      | Reached skill level 1 in Shields
  2015 | D:3      | Reached XP level 5. HP: 46/47 MP: 5/5
  2898 | D:4      | Found a glowing silver altar of Zin.
  2908 | D:4      | Found an opulent altar of Gozag.
  2934 | D:4      | Reached skill level 6 in Axes
  2952 | D:4      | Reached XP level 6. HP: 31/55 MP: 6/6
  3275 | D:4      | Reached skill level 5 in Fighting
  3286 | D:4      | Noticed Purgy
  3299 | D:4      | Killed Purgy
  3386 | D:4      | Reached skill level 7 in Axes
  3700 | D:4      | Reached XP level 7. HP: 20/61 MP: 7/7
  4093 | D:4      | Found a staircase to the Ecumenical Temple.
  4334 | D:4      | Found a deep blue altar of Sif Muna.
  4463 | D:5      | Entered Level 5 of the Dungeon
  4481 | D:5      | Found a sand-covered staircase.
  4485 | Ossuary  | Entered an ossuary
  5007 | D:5      | Reached *** piety under Trog
  5008 | D:5      | Reached skill level 8 in Axes
  5376 | D:5      | Reached skill level 5 in Armour
  5399 | D:5      | Reached XP level 8. HP: 56/70 MP: 8/8
  5552 | D:5      | Reached skill level 9 in Axes
  5562 | D:5      | Noticed Eustachio
  5813 | D:5      | Killed Eustachio
  5885 | D:5      | Found a shattered altar of Ashenzari.
  6275 | D:6      | Found an iron altar of Okawaru.
  6530 | D:6      | Reached skill level 10 in Axes
  6530 | D:6      | Reached XP level 9. HP: 79/79 MP: 9/9
  6540 | D:6      | Reached skill level 5 in Shields
  6552 | D:6      | Reached **** piety under Trog
  7214 | D:6      | Found a sacrificial altar of Ru.
  8070 | D:7      | Reached skill level 11 in Axes
  8122 | D:7      | Noticed a purple ugly thing
  8122 | D:7      | Noticed a jumping spider
  8122 | D:7      | Noticed a cyclops
  8124 | D:7      | Noticed a manticore
  8127 | D:7      | Noticed a cyclops
  8127 | D:7      | Noticed an orb spider
  8157 | D:7      | Noticed Prince Ribbit
  8196 | D:7      | Killed Prince Ribbit
  8409 | D:7      | Found a white marble altar of Elyvilon.
  8492 | D:7      | Noticed a spiny frog
  8513 | D:7      | Killed a spiny frog
  8513 | D:7      | Reached XP level 10. HP: 78/90 MP: 10/10
  8837 | D:7      | Killed a cyclops
  8837 | D:7      | Reached skill level 12 in Axes
  8851 | D:7      | Killed a cyclops
  9143 | D:7      | Killed a manticore
  9313 | D:7      | Killed a purple ugly thing
  9422 | D:7      | Found a basalt altar of Yredelemnul.
  9552 | D:7      | Got a fine rapier
  9553 | D:7      | Identified the +8 rapier of Caqerott {protect, rElec rN++} (You found it on level 7 of the Dungeon)
  9795 | D:7      | Received a gift from Trog
  9795 | D:7      | Reached skill level 13 in Axes
 10412 | D:8      | Found a runed door.
 10445 | D:8      | Noticed Gastronok
 10453 | D:8      | Killed Gastronok
 10453 | D:8      | Reached XP level 11. HP: 97/97 MP: 11/11
 10518 | D:8      | Noticed Maurice
 10640 | D:8      | Found a runed door.
 10641 | D:8      | Noticed Jessica
 10723 | D:8      | Reached skill level 14 in Axes
 10738 | D:8      | Killed Jessica
 10791 | D:8      | Found a runed door.
 10867 | D:8      | Reached skill level 10 in Fighting
 10996 | D:8      | Killed Maurice
 11340 | D:9      | Got an ancient cloak
 11351 | D:9      | Identified the +1 cloak of Ekistrub {rF+ rC- MR+ Int+4} (You found it on level 9 of the Dungeon)
 11608 | D:9      | Noticed a dagger
 11609 | D:9      | Noticed a dagger
 11631 | D:9      | Found a hide-covered altar of Uskayaw.
 11695 | D:9      | Found a shimmering altar of Xom.
 11828 | D:9      | Found a bloodstained altar of Trog.
 11948 | D:9      | Identified Zeediw's Almanac of Captivating Protection
 12257 | D:10     | Entered Level 10 of the Dungeon
 12269 | D:10     | Reached ***** piety under Trog
 13022 | D:10     | Killed an unseen horror
 13218 | D:10     | Noticed Josephine
 13316 | D:10     | Killed Josephine
 13316 | D:10     | Reached skill level 15 in Axes
 13338 | D:11     | Reached XP level 12. HP: 18/108 MP: 12/12
 13864 | D:10     | Reached skill level 10 in Armour
 14105 | D:10     | Found a sacrificial altar of Ru.
 14268 | D:10     | Noticed a tengu warrior
 14277 | D:10     | Killed a tengu warrior
 14323 | D:10     | Noticed a tengu warrior
 14344 | D:10     | Killed a tengu warrior
 14558 | D:11     | Found a shimmering altar of Xom.
 15125 | D:11     | Found a staircase to the Lair.
 15136 | D:11     | Received a gift from Trog
 15159 | D:11     | Reached skill level 16 in Axes
 15371 | D:11     | Noticed a five-headed hydra
 15382 | D:11     | Killed a 12-headed hydra
 15382 | D:11     | Reached skill level 10 in Shields
 15775 | D:11     | Found Utamm's Weapon Boutique.
 16319 | Lair:1   | Entered Level 1 of the Lair of Beasts
 16442 | Lair:1   | Reached XP level 13. HP: 117/117 MP: 13/13
 16714 | Lair:1   | Reached skill level 17 in Axes
 17477 | Lair:2   | Identified the Grimoire of Excruciating Slavery
 17483 | Lair:2   | Noticed Erica
 17510 | Lair:2   | Killed Erica
 17721 | Lair:2   | Received a gift from Trog
 18101 | Lair:2   | Found a hole to the Spider Nest.
 18281 | Lair:2   | Got a crystal hand crossbow
 18284 | Lair:2   | Identified the +8 hand crossbow "Ocohosoa" {venom, rF+ rN+ Stlth+} (You found it on level 2 of the Lair of Beasts)
 18590 | Lair:3   | Noticed Sonja
 18603 | Lair:3   | Killed Sonja
 18702 | Lair:3   | Got a crystal quarterstaff
 18709 | Lair:3   | Identified the cursed +0 quarterstaff "Ihoa" {protect, MR+} (You found it on level 3 of the Lair of Beasts)
 18891 | Lair:3   | Identified a scroll of acquirement
 19520 | Lair:4   | Found a staircase to the Shoals.
 19710 | Lair:4   | Noticed Kirke
 19945 | Lair:3   | Killed Kirke
 20599 | Lair:4   | Noticed three's ghost (journeyman HOFi)
 20666 | Lair:4   | Killed three's ghost
 21094 | Lair:5   | Reached XP level 14. HP: 126/126 MP: 14/14
 21153 | Lair:5   | Received a gift from Trog
 21856 | Lair:5   | Found a staircase to the Slime Pits.
 22333 | Lair:6   | Entered Level 6 of the Lair of Beasts
 22882 | Lair:6   | Reached skill level 15 in Armour
 23275 | Lair:6   | Got a transparent war axe
 23276 | Lair:6   | Identified the +6 war axe of the Old World {freeze, rC++ Dex-2} (You found it on level 6 of the Lair of Beasts)
 23464 | Lair:5   | Reached XP level 15. HP: 99/132 MP: 15/15
 23746 | Lair:6   | Received a gift from Trog
 24744 | D:12     | Noticed Azrael
 24768 | D:12     | Killed Azrael
 25017 | D:12     | Found a staircase to the Orcish Mines.
 25148 | D:12     | Noticed Snorg
 25155 | D:12     | Killed Snorg
 25225 | D:12     | Found a stormy altar of Qazlal.
 25736 | D:13     | Noticed Frances
 25773 | D:13     | Killed Frances
 26052 | D:13     | Reached ****** piety under Trog
 26824 | D:14     | Found a shadowy altar of Dithmenos.
 26840 | D:14     | Found Osseejet's Gadget Shop.
 26853 | D:14     | Noticed Urug
 26854 | D:14     | Received a gift from Trog
 26870 | D:14     | Killed Urug
 27003 | D:14     | Found a white marble altar of Elyvilon.
 27066 | D:14     | Found a gate to the Vaults.
 27076 | D:14     | Reached skill level 15 in Shields
 27087 | D:14     | Reached XP level 16. HP: 114/139 MP: 16/16
 27356 | D:14     | Found Wypp's Jewellery Emporium.
 27540 | D:14     | Found Goyng's Armour Shop.
 27712 | Orc:1    | Entered Level 1 of the Orcish Mines
 27791 | Orc:1    | Found a roughly hewn altar of Beogh.
 27925 | Orc:1    | Found Iqofoana's Quality Used Wands.
 27945 | Orc:1    | Bought a wand of digging (0/24) for 128 gold pieces
 27945 | Orc:1    | Bought a wand of heal wounds (0/9) for 384 gold pieces
 28053 | Orc:2    | Entered Level 2 of the Orcish Mines
 28089 | Orc:2    | Found a staircase to the Elven Halls.
 28448 | Orc:2    | Received a gift from Trog
 28456 | Orc:2    | Noticed MoltenButter's ghost (journeyman MiFi)
 28493 | Orc:2    | Killed MoltenButter's ghost
 28883 | Orc:2    | Found Deicusuh's Antique Armour Shop.
 28883 | Orc:2    | Found Ryupn's Food Emporium.
 28885 | Orc:2    | Found Vyckynk Kaor's Weapon Shoppe.
 28887 | Orc:2    | Found Jauj's Magic Scroll Boutique.
 28893 | Orc:2    | Bought a scroll of enchant weapon for 135 gold pieces
 29154 | Elf:1    | Entered Level 1 of the Elven Halls
 29313 | Orc:1    | Paralysed by an orc sorcerer for 5 turns
 29544 | Shoals:1 | Entered Level 1 of the Shoals
 29761 | Shoals:1 | Reached skill level 18 in Axes
 30061 | Shoals:1 | Received a gift from Trog
 30140 | Shoals:1 | Noticed greatstarguy's ghost (adept GrFi)
 30175 | Shoals:1 | Killed greatstarguy's ghost
 31105 | Shoals:1 | Noticed spsoon's ghost (adept DsIE)
 31214 | Shoals:2 | Noticed Aizul
 31237 | Shoals:2 | Killed Aizul
 31552 | Shoals:2 | Got a smoking scale mail
 31564 | Shoals:2 | Identified the +3 scale mail of Contentment {Dex+5} (You found it on level 2 of the Shoals)
 31635 | Shoals:2 | Gained mutation: You are agile. (Dex +2) [potion of beneficial mutation]
 31840 | Shoals:2 | Noticed Polyphemus
 31864 | Shoals:2 | Killed Polyphemus
 31902 | Shoals:2 | Found Kerum's Distillery.
 31911 | Shoals:2 | Bought a potion of flight for 45 gold pieces
 31911 | Shoals:2 | Bought a potion of cancellation for 120 gold pieces
 31928 | Shoals:2 | Gained mutation: You are very agile. (Dex +4) [potion of beneficial mutation]
 31929 | Shoals:2 | Gained mutation: You are robust. (+10% HP) [potion of beneficial mutation]
 32087 | Shoals:2 | Got a faintly glowing leather armour
 32098 | Shoals:2 | Identified the cursed +1 leather armour of Anarchy {Str+3 Int+6} (You found it on level 2 of the Shoals)
 32156 | Shoals:1 | Killed spsoon's ghost
 32156 | Shoals:1 | Reached skill level 19 in Axes
 32423 | Shoals:3 | Received a gift from Trog
 32801 | Shoals:3 | Found a frozen archway.
 32858 | Shoals:3 | Reached XP level 17. HP: 166/166 MP: 17/17
 32899 | IceCv    | Entered an ice cave
 32905 | IceCv    | Noticed rhysdieslots's ghost (journeyman DrMo)
 32922 | IceCv    | Killed rhysdieslots's ghost
 33730 | Shoals:3 | Noticed a kraken
 34197 | Shoals:4 | Entered Level 4 of the Shoals
 34248 | Shoals:4 | Noticed Ilsuiw
 34282 | Shoals:4 | Reached skill level 20 in Axes
 34303 | Shoals:4 | Killed Ilsuiw
 34749 | Shoals:4 | Received a gift from Trog
 35426 | Shoals:4 | Reached skill level 21 in Axes
 35883 | Shoals:4 | Got a smoking silver ring
 37213 | Shoals:4 | Got a barnacled rune of Zot
 37237 | Shoals:4 | Reached skill level 22 in Axes
 37340 | Shoals:4 | Identified the ring of Rexiunea {Str+3 Dex+4} (You found it on level 4 of the Shoals)
 38216 | Shoals:4 | Noticed a kraken
 38390 | Lair:2   | Received a gift from Trog
 38604 | D:15     | Entered Level 15 of the Dungeon
 38653 | D:15     | Reached skill level 23 in Axes
 38653 | D:15     | Reached XP level 18. HP: 145/176 MP: 18/18
 39074 | D:15     | Paralysed by an orc sorcerer for 4 turns
 39121 | D:15     | Found a staircase to the Depths.
 40128 | Slime:1  | Entered Level 1 of the Pits of Slime
 40575 | Spider:1 | Entered Level 1 of the Spider Nest
 40781 | D:14     | Bought an uncursed ring of poison resistance for 280 gold pieces
 41373 | Spider:1 | Reached skill level 15 in Fighting
 41549 | Spider:1 | Received a gift from Trog
 42597 | Spider:2 | Paralysed by a hornet for 2 turns
 42759 | Spider:2 | Received a gift from Trog
 43503 | Spider:3 | Reached XP level 19. HP: 133/191 MP: 19/19
 44129 | Spider:4 | Entered Level 4 of the Spider Nest
 44129 | Spider:4 | Noticed Arachne
 44148 | Spider:4 | Killed Arachne
 44158 | Spider:4 | Noticed Nikola
 44158 | Spider:4 | Received a gift from Trog
 44166 | Spider:4 | Killed Nikola
 45365 | Spider:4 | Got a gossamer rune of Zot
 45432 | Spider:4 | Received a gift from Trog
 45996 | Vaults:1 | Entered Level 1 of the Vaults
 46172 | Vaults:1 | Cast into level 3 of the Abyss (a deep elf sorcerer)
 46458 | Vaults:1 | Escaped the Abyss
 47152 | Vaults:1 | Found Niulom's Armour Shop.
 47160 | Vaults:1 | Bought the +5 plate armour of the Lich-sworn {rCorr} for 969 gold pieces
 47231 | Vaults:1 | Reached XP level 20. HP: 205/211 MP: 20/20
 47841 | Vaults:2 | Noticed a Tzitzimitl
 47850 | Vaults:2 | Received a gift from Trog
 48669 | Vaults:2 | Noticed Saint Roka
 48707 | Vaults:2 | Killed Saint Roka
 49162 | Vaults:2 | Received a gift from Trog
 49356 | Vaults:2 | Found Jeitub's Antique Weapon Shop.
 49989 | Vaults:3 | Received a gift from Trog
 50003 | Vaults:3 | Got an ichor-stained hand axe {god gift}
 50004 | Vaults:3 | Identified the +6 hand axe of the Orcish Mines {flame, *Corrode rPois Dex+6} (Trog gifted it to you on level 3 of the Vaults)
 50017 | Vaults:3 | Found a stormy altar of Qazlal.
 50049 | Vaults:3 | Reached XP level 21. HP: 224/224 MP: 21/21
 50094 | Vaults:3 | Paralysed by a vampire knight for 7 turns
 50113 | Vaults:3 | Found a staircase to the Crypt.
 50565 | Vaults:3 | Reached skill level 24 in Axes
 50575 | Vaults:3 | Received a gift from Trog
 51380 | Vaults:4 | Found Wuamurche's Antique Weapon Emporium.
 51473 | Vaults:4 | Noticed Jorgrun
 51485 | Vaults:4 | Killed Jorgrun
 52188 | Vaults:4 | Found Okikhliorch's Food Boutique.
 52547 | Vaults:4 | Received a gift from Trog
 53147 | Vaults:5 | Entered Level 5 of the Vaults
 53155 | Vaults:5 | Noticed a golden dragon
 53161 | Vaults:5 | Reached XP level 22. HP: 234/234 MP: 22/22
 53179 | Vaults:5 | Received a gift from Trog
 53182 | Vaults:5 | Killed a golden dragon
 53591 | Vaults:4 | Reached skill level 25 in Axes
 53892 | Vaults:5 | HP: 2/234 [large abomination[a deep elf high priest] (14)]
 53907 | Vaults:5 | HP: 8/234 [stone giant (18)]
 53938 | Vaults:5 | Received a gift from Trog
 53997 | Vaults:5 | HP: 6/234 [shadow dragon/bolt of negative energy (16)]
 54000 | Vaults:5 | Reached XP level 23. HP: 27/242 MP: 23/23
 55475 | Vaults:5 | Noticed a golden dragon
 55484 | Vaults:5 | Killed a golden dragon
 56390 | Vaults:5 | Got a crude lead ring
 56810 | Vaults:5 | Noticed a golden dragon
 56824 | Vaults:5 | Killed a golden dragon
 57254 | Vaults:5 | Identified the ring "Uregem" {rN+ Dex+5} (You took it off a vault warden on level 5 of the Vaults)
 57344 | Vaults:5 | Reached skill level 26 in Axes
 57539 | Vaults:5 | Received a gift from Trog
 57615 | Vaults:5 | Gained mutation: You are resistant to electric shocks. (rElec) [potion of beneficial mutation]
 57978 | Vaults:5 | Got a silver rune of Zot
 59239 | Slime:2  | Received a gift from Trog
 60155 | Slime:3  | Gained mutation: You can translocate small distances at will. [a shining eye]
 60158 | Slime:3  | Gained mutation: You tend to lose your temper in combat. [a shining eye]
 60160 | Slime:3  | Gained mutation: Armour fits poorly on your strangely shaped body. [a shining eye]
 60519 | Slime:3  | Gained mutation: You are weak. (Str -2) [a shining eye]
 60521 | Slime:3  | Gained mutation: Your body sometimes deteriorates upon taking damage. [a shining eye]
 60524 | Slime:3  | Gained mutation: You are dopey. (Int -2) [a shining eye]
 60549 | Slime:2  | Gained mutation: Your magical capacity is low. (-10% MP) [a shining eye]
 60550 | Slime:2  | Lost mutation: Armour fits poorly on your strangely shaped body. [a shining eye]
 60552 | Slime:2  | Gained mutation: You are very dopey. (Int -4) [a shining eye]
 60555 | Slime:2  | Lost mutation: You are very agile. (Dex +4) [a shining eye]
 61211 | Slime:4  | Paralysed by a great orb of eyes for 4 turns
 62179 | Slime:3  | Paralysed by a great orb of eyes for 2 turns
 62425 | Slime:4  | Gained mutation: Your spells are a little easier to cast, but a little less powerful. [a shining eye]
 63182 | Slime:4  | Lost mutation: You are robust. (+10% HP) [a shining eye]
 63183 | Slime:4  | Lost mutation: You are agile. (Dex +2) [a shining eye]
 63256 | Slime:4  | Received a gift from Trog
 63273 | Slime:5  | Entered Level 5 of the Pits of Slime
 63292 | Slime:5  | Gained mutation: Scrolls take you a little longer to read. [a shining eye]
 63295 | Slime:5  | Gained mutation: You expend magic power (3 MP) to strengthen your wands. [a shining eye]
 63863 | Slime:5  | Reached XP level 24. HP: 223/228 MP: 20/20
 63958 | Slime:5  | Gained mutation: Armour fits poorly on your strangely shaped body. [a shining eye]
 63959 | Slime:5  | Gained mutation: You are clumsy. (Dex -2) [a shining eye]
 63970 | Slime:5  | Paralysed by a great orb of eyes for 6 turns
 63979 | Slime:5  | Gained mutation: Your magical capacity is very low. (-20% MP) [a shining eye]
 64065 | Slime:5  | Found a viscous altar of Jiyva.
 64204 | Slime:5  | Noticed the Royal Jelly
 64224 | Slime:5  | HP: 13/339 [azure jelly[the Royal Jelly] (14)]
 64224 | Slime:5  | HP: 3/339 [acid blob/splash of acid[the Royal Jelly] (10)]
 64224 | Slime:5  | Splashed by an acid blob's acid

Skill      XL: |  1  2  3  4  5  6  7  8  9 10 11 12 13 14 15 16 17 18 19 20 21 22 23 |
---------------+----------------------------------------------------------------------+-----
Fighting       | 4 5 6 7 8 9 10 11 12 13 14 16 19 21 | 21.0
Axes           | 5 6 7 8 10 11 13 15 16 17 19 23 24 25 26 | 26.8
Armour         | 3 4 5 6 7 8 9 10 13 16 18 19 20 21 22 | 22.3
Shields        | 1 2 3 4 6 7 9 10 12 13 15 16 17 18 19 20 21 22 | 22.7
Dodging        | |  1.5

Action                   |  1- 3 |  4- 6 |  7- 9 | 10-12 | 13-15 | 16-18 | 19-21 | 22-24 || total
-------------------------+-------+-------+-------+-------+-------+-------+-------+-------++-------
Melee: Hand axe          |   106 |    74 |   172 |    65 |       |       |       |       ||   417
       War axe           |       |    77 |   254 |   206 |  1078 |  1741 |       |   154 ||  3510
       Rapier            |       |       |       |   536 |    31 |       |       |       ||   567
       Unarmed           |       |       |       |     4 |    12 |       |       |       ||    16
       Broad axe         |       |       |       |       |       |    94 |   970 |   498 ||  1562
Invok: Berserk           |     1 |     1 |     3 |    10 |    10 |     8 |     4 |     2 ||    39
       Trog's Hand       |       |       |     2 |     2 |       |     2 |     7 |     6 ||    19
       Brothers in Arms  |       |       |     1 |     4 |     3 |     4 |     3 |     6 ||    21
       Burn Spellbooks   |       |       |       |     1 |     2 |     6 |       |     2 ||    11
Evoke: Wand              |       |       |       |     4 |     9 |     4 |       |    30 ||    47
  Use: Scroll            |       |       |    17 |     8 |     9 |    15 |     9 |    25 ||    83
       Potion            |       |       |       |     2 |     1 |    12 |     7 |    17 ||    39
 Stab: Sleeping          |     1 |       |       |       |       |       |       |       ||     1
       Distracted        |       |       |       |       |       |     2 |    23 |     6 ||    31
       Held in net/web   |       |       |       |       |       |       |     1 |       ||     1
       Paralysed         |       |       |       |       |       |       |     1 |       ||     1
       Invisible         |       |       |       |       |       |       |       |     2 ||     2
  Eat: Chunk             |     3 |     7 |    12 |    17 |    13 |    16 |     2 |       ||    70
       Beef jerky        |       |       |     2 |     3 |     2 |     2 |     2 |     5 ||    16
       Royal jelly       |       |       |     2 |     1 |       |       |       |       ||     3
       Fruit             |       |       |     1 |     3 |       |       |       |    14 ||    18
       Pizza             |       |       |       |     2 |     1 |     4 |       |       ||     7
       Meat ration       |       |       |       |     3 |     5 |     4 |       |     3 ||    15
       Bread ration      |       |       |       |       |       |     6 |     7 |     3 ||    16
Armor: Animal skin       |    25 |    35 |     2 |       |       |       |       |       ||    62
       Plate armour      |       |       |   170 |   504 |   449 |   816 |   351 |   331 ||  2621
       Ring mail         |       |       |    17 |       |       |       |       |       ||    17
       Ice dragon scales |       |       |       |    41 |     2 |       |       |       ||    43
Dodge: Dodged            |    73 |    53 |    76 |   202 |   248 |   363 |   178 |   162 ||  1355
Block: Shield            |       |    45 |   170 |   534 |   600 |   361 |       |       ||  1710
       Large shield      |       |       |       |       |       |  1405 |  1054 |   789 ||  3248
